Sarnia Sailors vs Abbotsford Heat
Created - Friday, September 29, 2023 at 07:27
Goals
|
| Sarnia Sailors |
0 |
3 |
3 |
0 |
1 |
7 |
| Abbotsford Heat |
2 |
1 |
3 |
0 |
0 |
6 |
|
Shots
|
| Sarnia Sailors |
3 |
23 |
15 |
1 |
3 |
42 |
| Abbotsford Heat |
10 |
8 |
12 |
0 |
3 |
30 |
|
1st period
1. Abbotsford Heat , Cole Sillinger 7 (Vincent Desharnais 8, Oskar Lindblom 9) at 3:32
2. Abbotsford Heat , Cole Sillinger 8 (Oskar Lindblom 10) at 11:24
Penalties :
Kevin Stenlund (SAR) for Hooking (Minor) at 0:18, Keegan Kolesar (SAR) for Holding (Minor) at 18:45, Dennis Gilbert (ABH) for High sticking (Minor) at 18:53
2nd period
3. Sarnia Sailors , Kevin Stenlund 7 (Vasily Podkolzin 10, Keegan Kolesar 12) at 3:16
4. Abbotsford Heat , Oskar Lindblom 9 (Bobby Brink 9, Daniil Miromanov 7) at 4:49
5. Sarnia Sailors , Adam Erne 4 (Jesse Puljujarvi 11, Aleksi Heponiemi 8) at 5:31
6. Sarnia Sailors , Daniel Torgersson 2 (Dominic Toninato 4, Cole Reinhardt 14) at 6:47
Penalties :
Benoit-Olivier Groulx (ABH) for Hooking (Minor) at 10:05, Jesse Puljujarvi (SAR) for Holding (Minor) at 19:10
3rd period
7. Sarnia Sailors , Kevin Stenlund 8 (Jack Rathbone 13) at 0:08 (SH)
8. Sarnia Sailors , Keegan Kolesar 14 (Jack Rathbone 14, Vasily Podkolzin 11) at 5:29 (PP)
9. Sarnia Sailors , Keegan Kolesar 15 (Vasily Podkolzin 12, Kevin Stenlund 11) at 5:41
10. Abbotsford Heat , Cole Sillinger 9 (Oskar Lindblom 11) at 15:41 (PP)
11. Abbotsford Heat , Denis Malgin 6 (Yakov Trenin 15) at 15:58 (PP)
12. Abbotsford Heat , Daniil Miromanov 1 (Gabriel Fortier 4, Yakov Trenin 16) at 16:12
Penalties :
Vincent Desharnais (ABH) for Holding (Minor) at 5:03, Keegan Kolesar (SAR) for Hooking (Minor) at 6:03, Dennis Gilbert (ABH) for Fighting (Major) at 11:12, Adam Ginning (SAR) for Fighting (Major) at 11:12, Dennis Gilbert (ABH) for instigated a fight (Minor) at 11:12, Dennis Gilbert (ABH) for instigated and being the aggresor in a fight (20 Minutes Game Misconduct) at 11:12, Jesse Puljujarvi (SAR) for Hooking (Minor) at 15:27, Tristen Nielsen (SAR) for Interference (Minor) at 15:51
Overtime #1
No Goal
Penalties :
No Penalty
Shootout
Sarnia Sailors, Tristen Nielsen - Goal!
Abbotsford Heat, Yakov Trenin - Shot Misses the Net
Sarnia Sailors, Vasily Podkolzin - Shot Misses the Net
Abbotsford Heat, Garnet Hathaway - Stopped by Laurent Brossoit
Sarnia Sailors, Keegan Kolesar - Stopped by Pheonix Copley
Abbotsford Heat, Cole Sillinger - Shot Misses the Net
Penalties :
No Penalty
Goalie Stats
Laurent Brossoit (SAR), 24 saves from 30 shots - (0.800), W, 15-1-2, 65:00 minutes
Pheonix Copley (ABH), 36 saves from 42 shots - (0.857), OTL, 10-7-4, 65:00 minutes
Players Stats for Sarnia Sailors
Player Name G A P +/- PIM S H SB GA TA FO MP PP MP PK MP
------------------------------------------------------------------------------------
Adam Erne 1 0 1 0 0 2 2 0 2 0 0/2 15:20 0:00 3:54
Adam Ginning 0 0 0 2 5 0 1 0 0 3 0/0 20:39 1:03 3:46
Aleksi Heponiemi 0 1 1 -1 0 1 2 1 2 0 6/12 19:16 1:39 1:55
Brad Lambert 0 0 0 1 0 2 5 0 0 0 0/0 15:41 2:31 0:11
Cole Reinhardt 0 1 1 -1 0 0 1 0 0 0 0/0 14:29 1:41 0:46
Daniel Torgersson 1 0 1 1 0 3 0 0 1 0 0/0 10:16 0:00 0:00
Declan Chisholm 0 0 0 0 0 0 2 2 0 0 0/0 25:31 0:00 2:19
Dominic Toninato 0 1 1 1 0 3 3 0 3 0 2/5 13:01 0:00 1:44
Jack Rathbone 0 2 2 1 0 1 3 4 0 4 0/0 29:33 1:53 4:07
Jamie Drysdale 0 0 0 1 0 3 1 1 0 0 0/0 20:52 2:25 0:00
Jesse Puljujarvi 0 1 1 -1 4 0 1 1 0 0 0/0 13:05 1:39 0:00
Keegan Kolesar 2 1 3 1 4 7 2 0 1 1 0/0 20:47 2:53 1:24
Kevin Stenlund 2 1 3 2 2 7 0 1 2 1 17/27 17:18 0:00 2:58
Lucas Edmonds 0 0 0 -1 0 2 0 0 0 1 0/0 12:13 0:02 0:00
Robert Hamilton 0 0 0 -1 0 2 2 0 0 0 0/0 17:38 1:12 2:19
Tristen Nielsen 0 0 0 -1 2 6 3 0 2 0 2/12 14:46 2:51 0:00
Vasily Podkolzin 0 3 3 1 0 3 2 1 0 0 2/4 18:32 2:51 0:00
Zach Uens 0 0 0 -1 0 0 0 0 0 0 0/0 12:39 0:00 0:21
Players Stats for Abbotsford Heat
Player Name G A P +/- PIM S H SB GA TA FO MP PP MP PK MP
------------------------------------------------------------------------------------
Alex Limoges 0 0 0 -1 0 1 0 0 0 0 3/8 14:26 0:00 0:24
Benoit-Olivier Groulx 0 0 0 -1 2 1 0 1 0 1 7/8 17:34 0:00 0:00
Bobby Brink 0 1 1 2 0 3 0 1 0 1 0/0 18:34 3:08 0:00
Cole Sillinger 3 0 3 2 0 6 2 0 0 0 9/16 22:47 3:12 1:49
Daniil Gushchin 0 0 0 -1 0 1 1 1 3 0 0/0 12:20 0:00 0:00
Daniil Miromanov 1 1 2 -1 0 2 2 2 2 3 0/0 27:55 3:11 1:54
Denis Malgin 1 0 1 -2 0 7 4 1 0 1 1/1 20:36 3:11 2:08
Dennis Gilbert 0 0 0 0 29 0 2 3 0 0 0/0 16:03 2:53 1:08
Gabriel Fortier 0 1 1 0 0 0 0 0 0 1 0/0 6:39 0:00 0:00
Garnet Hathaway 0 0 0 -2 0 0 0 1 3 2 1/1 20:57 3:00 2:19
Jack Thompson 0 0 0 0 0 0 0 0 0 0 0/0 18:05 0:21 0:15
Lane Pederson 0 0 0 0 0 0 0 0 0 0 0/0 3:39 0:21 0:00
Mathias Laferriere 0 0 0 0 0 0 2 0 0 0 0/0 2:38 0:16 0:00
Oskar Lindblom 1 3 4 2 0 2 1 1 0 1 0/1 18:45 3:10 0:05
Ryan Merkley 0 0 0 0 0 1 1 1 1 0 0/0 22:19 3:15 2:38
Vincent Desharnais 0 1 1 -1 2 3 1 0 0 1 0/0 27:51 3:11 1:44
Wyatt Newpower 0 0 0 0 0 0 0 1 0 1 0/0 16:51 0:00 1:25
Yakov Trenin 0 2 2 -2 0 3 3 2 1 1 12/27 25:34 3:00 2:19
3 Stars
1 - Cole Sillinger (ABH)
2 - Oskar Lindblom (ABH)
3 - Kevin Stenlund (SAR)
Power Play
Sarnia Sailors - 1 on 4 Attempt(s) - 25.00%
Abbotsford Heat - 2 on 6 Attempt(s) - 33.33%
Penalty Kill
Sarnia Sailors - 4 on 6 Attempt(s) - 66.67%
- Score 1 goal in Penalty Kill
Abbotsford Heat - 3 on 4 Attempt(s) - 75.00%
- Score 0 goal in Penalty Kill
Team Stat
Sarnia Sailors - Hits : 30 - Faceoff Wins : 29 - Blocked Shots : 11 - Penalty Minutes : 17
Abbotsford Heat - Hits : 19 - Faceoff Wins : 33 - Blocked Shots : 15 - Penalty Minutes : 33
Official
Referees : TJ Luxmore and Eric Furlatt
Linesman : John Grandt and Shane Heyer
Game Notes
Adam Ginning beats up Dennis Gilbert at 11:12 of 3rd period
Dennis Gilbert ejected from game at 11:12 of 3rd period
Dennis Gilbert from Abbotsford Heat is suspended for 1 game(s)
Cole Sillinger has scored a Hat Trick!
Sarnia Sailors
5 vs 5 Forward
Center Left Wing Right Wing Time % Phy DF OF
1 Kevin Stenlund Vasily Podkolzin Keegan Kolesar 40 2 1 2
2 Aleksi Heponiemi Adam Erne Jesse Puljujarvi 30 2 1 2
3 Tristen Nielsen Cole Reinhardt Lucas Edmonds 20 1 2 2
4 Dominic Toninato Daniel Torgersson Brad Lambert 10 2 1 2
5 vs 5 Defense
Defense Defense Time % Phy DF OF
1 Declan Chisholm Jack Rathbone 40 1 2 2
2 Jamie Drysdale Adam Ginning 30 2 1 2
3 Zach Uens Robert Hamilton 20 2 2 1
4 Adam Ginning Jack Rathbone 10 1 2 2
PowerPlay Forward
Center Left Wing Right Wing Time % Phy DF OF
1 Tristen Nielsen Vasily Podkolzin Keegan Kolesar 60 2 1 2
2 Aleksi Heponiemi Cole Reinhardt Jesse Puljujarvi 40 1 1 3
PowerPlay Defense
Defense Defense Time % Phy DF OF
1 Jamie Drysdale Jack Rathbone 60 1 1 3
2 Adam Ginning Brad Lambert 40 2 1 2
Penalty Kill 4 Players Forward
Center Wing Time % Phy DF OF
1 Kevin Stenlund Adam Erne 60 2 2 1
2 Aleksi Heponiemi Keegan Kolesar 40 2 2 1
Penalty Kill 4 Players Defense
Defense Defense Time % Phy DF OF
1 Adam Ginning Jack Rathbone 60 2 1 2
2 Declan Chisholm Robert Hamilton 40 2 2 1
Penalty Kill - 3 Players Forward
Forward Time % Phy DF OF
1 Kevin Stenlund 60 2 2 1
2 Tristen Nielsen 40 2 2 1
Penalty Kill - 3 Players Defense
Defense Defense Time % Phy DF OF
1 Adam Ginning Jack Rathbone 60 2 1 2
2 Declan Chisholm Robert Hamilton 40 2 2 1
4 vs 4 Forward
Center Wing Time % Phy DF OF
1 Aleksi Heponiemi Keegan Kolesar 60 2 1 2
2 Tristen Nielsen Vasily Podkolzin 40 2 1 2
4 vs 4 Defense
Defense Defense Time % Phy DF OF
1 Declan Chisholm Jack Rathbone 60 1 2 2
2 Jamie Drysdale Robert Hamilton 40 2 1 2
Last Minutes Offensive
Center Left Wing Right Wing Defense Defense
Aleksi Heponiemi Vasily Podkolzin Keegan Kolesar Jamie Drysdale Jack Rathbone
Last Minutes Defensive
Center Left Wing Right Wing Defense Defense
Kevin Stenlund Adam Erne Tristen Nielsen Adam Ginning Jack Rathbone
Goaltenders
Starting : Laurent Brossoit
Backup : Remi Poirier
Extra Forwards
Normal : Brad Lambert, Cole Reinhardt, Lucas Edmonds - PP : Brad Lambert, Cole Reinhardt - PK : Dominic Toninato
Extra Defensemen
Normal : Zach Uens, Jamie Drysdale, Adam Ginning - PP : Robert Hamilton - PK : Zach Uens, Jamie Drysdale
Penalty Shots
Tristen Nielsen, Vasily Podkolzin, Keegan Kolesar, Aleksi Heponiemi, Cole Reinhardt
Abbotsford Heat
5 vs 5 Forward
Center Left Wing Right Wing Time % Phy DF OF
1 Yakov Trenin Garnet Hathaway Denis Malgin 30 1 2 2
2 Cole Sillinger Oskar Lindblom Bobby Brink 30 1 2 2
3 Alex Limoges Daniil Gushchin Benoit-Olivier Groulx 25 1 2 2
4 Benoit-Olivier Groulx Gabriel Fortier Yakov Trenin 15 1 2 2
5 vs 5 Defense
Defense Defense Time % Phy DF OF
1 Vincent Desharnais Daniil Miromanov 30 1 2 2
2 Dennis Gilbert Ryan Merkley 30 1 2 2
3 Jack Thompson Wyatt Newpower 25 1 2 2
4 Vincent Desharnais Daniil Miromanov 15 1 2 2
PowerPlay Forward
Center Left Wing Right Wing Time % Phy DF OF
1 Yakov Trenin Garnet Hathaway Denis Malgin 50 1 2 2
2 Cole Sillinger Oskar Lindblom Bobby Brink 50 1 2 2
PowerPlay Defense
Defense Defense Time % Phy DF OF
1 Vincent Desharnais Daniil Miromanov 50 1 2 2
2 Dennis Gilbert Ryan Merkley 50 1 2 2
Penalty Kill 4 Players Forward
Center Wing Time % Phy DF OF
1 Yakov Trenin Garnet Hathaway 50 1 2 2
2 Cole Sillinger Denis Malgin 50 1 2 2
Penalty Kill 4 Players Defense
Defense Defense Time % Phy DF OF
1 Vincent Desharnais Daniil Miromanov 50 1 2 2
2 Dennis Gilbert Ryan Merkley 50 1 2 2
Penalty Kill - 3 Players Forward
Forward Time % Phy DF OF
1 Yakov Trenin 50 1 2 2
2 Garnet Hathaway 50 1 2 2
Penalty Kill - 3 Players Defense
Defense Defense Time % Phy DF OF
1 Vincent Desharnais Daniil Miromanov 50 1 2 2
2 Dennis Gilbert Ryan Merkley 50 1 2 2
4 vs 4 Forward
Center Wing Time % Phy DF OF
1 Yakov Trenin Garnet Hathaway 50 1 2 2
2 Cole Sillinger Denis Malgin 50 1 2 2
4 vs 4 Defense
Defense Defense Time % Phy DF OF
1 Vincent Desharnais Daniil Miromanov 50 1 2 2
2 Dennis Gilbert Ryan Merkley 50 1 2 2
Last Minutes Offensive
Center Left Wing Right Wing Defense Defense
Yakov Trenin Garnet Hathaway Denis Malgin Vincent Desharnais Daniil Miromanov
Last Minutes Defensive
Center Left Wing Right Wing Defense Defense
Yakov Trenin Garnet Hathaway Denis Malgin Vincent Desharnais Daniil Miromanov
Goaltenders
Starting : Pheonix Copley
Backup : Michael Houser
Extra Forwards
Normal : Lane Pederson, Mathias Laferriere, Alex Limoges - PP : Lane Pederson, Mathias Laferriere - PK : Alex Limoges
Extra Defensemen
Normal : Jack Thompson, Wyatt Newpower, Dennis Gilbert - PP : Jack Thompson - PK : Wyatt Newpower, Dennis Gilbert
Penalty Shots
Yakov Trenin, Garnet Hathaway, Cole Sillinger, Denis Malgin, Oskar Lindblom
% Time on Ice - Sarnia Sailors
Lines # - Real PCT - Wanted PCT - Time Play
Normal Forward
1 - 31% - 40% - 14:50
2 - 25% - 30% - 11:38
3 - 22% - 20% - 10:27
4 - 22% - 10% - 10:16
Normal Defense
1 - 40% - 40% - 18:42
2 - 32% - 30% - 15:05
3 - 22% - 20% - 10:26
4 - 6% - 10% - 2:58
PP Forward
1 - 64% - 60% - 2:53
2 - 36% - 40% - 1:39
PP Defense
1 - 42% - 60% - 1:53
2 - 58% - 40% - 2:39
PK Forward
1 - 70% - 60% - 4:31
2 - 30% - 40% - 1:55
PK Defense
1 - 64% - 60% - 4:07
2 - 36% - 40% - 2:19
PK3 Forward
1 - 0% - 60%
2 - 0% - 40%
PK3 Defense
1 - 0% - 60%
2 - 0% - 40%
44 Forward
1 - 79% - 60% - 5:23
2 - 21% - 40% - 1:28
44 Defense
1 - 64% - 60% - 4:24
2 - 36% - 40% - 2:27
Last Minute Offensive - 0:00
Last Minute Defensive - 0:00
Total
Forward - 65:00
Defense - 65:00
|
% Time on Ice - Abbotsford Heat
Lines # - Real PCT - Wanted PCT - Time Play
Normal Forward
1 - 27% - 30% - 12:38
2 - 33% - 30% - 15:34
3 - 26% - 25% - 12:20
4 - 14% - 15% - 6:39
Normal Defense
1 - 30% - 30% - 14:04
2 - 31% - 30% - 14:28
3 - 28% - 25% - 13:23
4 - 11% - 15% - 5:16
PP Forward
1 - 47% - 50% - 3:00
2 - 53% - 50% - 3:26
PP Defense
1 - 49% - 50% - 3:11
2 - 51% - 50% - 3:15
PK Forward
1 - 51% - 50% - 2:19
2 - 49% - 50% - 2:13
PK Defense
1 - 42% - 50% - 1:54
2 - 58% - 50% - 2:38
PK3 Forward
1 - 0% - 50%
2 - 0% - 50%
PK3 Defense
1 - 0% - 50%
2 - 0% - 50%
44 Forward
1 - 52% - 50% - 3:33
2 - 48% - 50% - 3:18
44 Defense
1 - 48% - 50% - 3:19
2 - 52% - 50% - 3:32
Last Minute Offensive - 0:00
Last Minute Defensive - 0:00
Total
Forward - 65:00
Defense - 65:00
|
Play-by-Play
1st period
0:01 of 1st period - Yakov Trenin wins face-off versus Vasily Podkolzin in neutral zone.
0:18 of 1st period - Minor Penalty to Kevin Stenlund for Hooking.
0:19 of 1st period - Dominic Toninato wins face-off versus Yakov Trenin in Sarnia Sailors zone.
0:19 of 1st period - Dominic Toninato is hit by Denis Malgin.
2:18 of 1st period - Penalty to Kevin Stenlund is over, Kevin Stenlund is back on ice.
2:36 of 1st period - Snap shot by Kevin Stenlund.
2:36 of 1st period - Deflect By Aleksi Heponiemi.
2:36 of 1st period - Shot Misses the Net.
2:36 of 1st period - Puck is out of play.
2:37 of 1st period - Alex Limoges wins face-off versus Tristen Nielsen in Abbotsford Heat zone.
2:44 of 1st period - Wrist shot by Cole Reinhardt.
2:44 of 1st period - Shot Misses the Net.
3:17 of 1st period - Cole Sillinger is hit by Aleksi Heponiemi and loses puck.
3:24 of 1st period - Slapshot by Jack Thompson.
3:24 of 1st period - Shot Misses the Net.
3:26 of 1st period - Snap shot by Cole Sillinger.
3:26 of 1st period - Shot Misses the Net.
3:28 of 1st period - Slapshot by Oskar Lindblom.
3:28 of 1st period - Shot Blocked by Jack Rathbone.
3:30 of 1st period - Snap shot by Vincent Desharnais.
3:30 of 1st period - Stopped by Laurent Brossoit with a rebound.
3:32 of 1st period - Wrist shot by Cole Sillinger.
3:32 of 1st period - Goal by Cole Sillinger - Sarnia Sailors : 0 - Abbotsford Heat : 1.
3:33 of 1st period - Kevin Stenlund wins face-off versus Yakov Trenin in neutral zone.
3:40 of 1st period - Keegan Kolesar is hit by Yakov Trenin and loses puck.
4:01 of 1st period - Slapshot by Adam Erne.
4:01 of 1st period - Stopped by Pheonix Copley with a rebound.
5:57 of 1st period - Wrist shot by Jesse Puljujarvi.
5:57 of 1st period - Shot Blocked by Daniil Gushchin.
6:21 of 1st period - Wrist shot by Keegan Kolesar.
6:21 of 1st period - Shot Blocked by Oskar Lindblom.
6:24 of 1st period - Icing by Oskar Lindblom.
6:25 of 1st period - Cole Sillinger wins face-off versus Dominic Toninato in Abbotsford Heat zone.
6:32 of 1st period - Oskar Lindblom is hit by Jamie Drysdale and loses puck.
7:07 of 1st period - Wrist shot by Adam Erne.
7:07 of 1st period - Shot Misses the Net.
7:33 of 1st period - Benoit-Olivier Groulx is hit by Jack Rathbone and loses puck.
7:52 of 1st period - Dennis Gilbert is hit by Brad Lambert and loses puck.
8:01 of 1st period - Benoit-Olivier Groulx is hit by Dominic Toninato and loses puck.
8:11 of 1st period - Off-side.
8:12 of 1st period - Tristen Nielsen wins face-off versus Cole Sillinger in neutral zone.
8:15 of 1st period - Oskar Lindblom is hit by Declan Chisholm and loses puck.
9:06 of 1st period - Oskar Lindblom is hit by Jesse Puljujarvi.
9:10 of 1st period - Oskar Lindblom is hit by Adam Erne and loses puck.
9:50 of 1st period - Snap shot by Kevin Stenlund.
9:50 of 1st period - Shot Misses the Net.
9:52 of 1st period - Snap shot by Vasily Podkolzin.
9:52 of 1st period - Shot Misses the Net.
9:54 of 1st period - Wrist shot by Kevin Stenlund.
9:54 of 1st period - Stopped by Pheonix Copley with a rebound.
9:56 of 1st period - Snap shot by Jack Rathbone.
9:56 of 1st period - Shot Blocked by Ryan Merkley.
10:05 of 1st period - Off-side.
10:06 of 1st period - Yakov Trenin wins face-off versus Dominic Toninato in neutral zone.
10:21 of 1st period - Snap shot by Dominic Toninato.
10:21 of 1st period - Shot Misses the Net.
11:24 of 1st period - Snap shot by Oskar Lindblom.
11:24 of 1st period - Deflect By Cole Sillinger.
11:24 of 1st period - Goal by Cole Sillinger - Sarnia Sailors : 0 - Abbotsford Heat : 2.
11:25 of 1st period - Benoit-Olivier Groulx wins face-off versus Adam Erne in neutral zone.
11:32 of 1st period - Wrist shot by Yakov Trenin.
11:32 of 1st period - Shot Blocked by Jack Rathbone.
12:13 of 1st period - Jamie Drysdale is hit by Yakov Trenin and loses puck.
12:34 of 1st period - Icing by Wyatt Newpower.
12:35 of 1st period - Kevin Stenlund wins face-off versus Alex Limoges in Abbotsford Heat zone.
12:54 of 1st period - Snap shot by Kevin Stenlund.
12:54 of 1st period - Shot Misses the Net.
13:10 of 1st period - Slapshot by Kevin Stenlund.
13:10 of 1st period - Shot Misses the Net.
13:24 of 1st period - Wrist shot by Kevin Stenlund.
13:24 of 1st period - Stopped by Pheonix Copley with a rebound.
13:36 of 1st period - Off-side.
13:37 of 1st period - Yakov Trenin wins face-off versus Aleksi Heponiemi in neutral zone.
13:52 of 1st period - Snap shot by Yakov Trenin.
13:52 of 1st period - Shot Misses the Net.
14:07 of 1st period - Wrist shot by Cole Sillinger.
14:07 of 1st period - Shot Misses the Net.
14:09 of 1st period - Snap shot by Ryan Merkley.
14:09 of 1st period - Stopped by Laurent Brossoit without a rebound.
14:10 of 1st period - Yakov Trenin wins face-off versus Tristen Nielsen in Sarnia Sailors zone.
14:15 of 1st period - Snap shot by Denis Malgin.
14:15 of 1st period - Stopped by Laurent Brossoit with a rebound.
14:47 of 1st period - Jesse Puljujarvi is hit by Cole Sillinger and loses puck.
15:16 of 1st period - Snap shot by Daniil Gushchin.
15:16 of 1st period - Shot Misses the Net.
15:18 of 1st period - Slapshot by Vincent Desharnais.
15:18 of 1st period - Stopped by Laurent Brossoit with a rebound.
15:49 of 1st period - Jamie Drysdale is hit by Denis Malgin and loses puck.
16:22 of 1st period - Snap shot by Adam Erne.
16:22 of 1st period - Shot Misses the Net.
17:09 of 1st period - Kevin Stenlund is hit by Oskar Lindblom and loses puck.
18:02 of 1st period - Dennis Gilbert is hit by Brad Lambert.
18:10 of 1st period - Dominic Toninato is hit by Dennis Gilbert and loses puck.
18:45 of 1st period - Minor Penalty to Keegan Kolesar for Holding.
18:46 of 1st period - Kevin Stenlund wins face-off versus Oskar Lindblom in Sarnia Sailors zone.
18:51 of 1st period - Wrist shot by Kevin Stenlund.
18:51 of 1st period - Shot Blocked by Dennis Gilbert.
18:53 of 1st period - Minor Penalty to Dennis Gilbert for High sticking.
18:54 of 1st period - Yakov Trenin wins face-off versus Aleksi Heponiemi in Abbotsford Heat zone.
18:54 of 1st period - Yakov Trenin is hit by Aleksi Heponiemi.
19:09 of 1st period - Vincent Desharnais is hit by Jack Rathbone and loses puck.
19:22 of 1st period - Wrist shot by Cole Sillinger.
19:22 of 1st period - Shot Blocked by Jack Rathbone.
19:24 of 1st period - Slapshot by Vincent Desharnais.
19:24 of 1st period - Deflect By Denis Malgin.
19:24 of 1st period - Stopped by Laurent Brossoit without a rebound.
19:25 of 1st period - Cole Sillinger wins face-off versus Aleksi Heponiemi in Sarnia Sailors zone.
19:30 of 1st period - Snap shot by Denis Malgin.
19:30 of 1st period - Stopped by Laurent Brossoit with a rebound.
19:34 of 1st period - Snap shot by Cole Sillinger.
19:34 of 1st period - Deflect By Denis Malgin.
19:34 of 1st period - Stopped by Laurent Brossoit without a rebound.
19:35 of 1st period - Cole Sillinger wins face-off versus Aleksi Heponiemi in Sarnia Sailors zone.
19:44 of 1st period - Slapshot by Denis Malgin.
19:44 of 1st period - Deflect By Cole Sillinger.
19:44 of 1st period - Stopped by Laurent Brossoit with a rebound.
Goals for this period are 0 for Sarnia Sailors vs 2 for Abbotsford Heat.
Shots for this period are 3 for Sarnia Sailors vs 10 for Abbotsford Heat.
2nd period
0:01 of 2nd period - Aleksi Heponiemi wins face-off versus Yakov Trenin in neutral zone.
0:06 of 2nd period - Wrist shot by Aleksi Heponiemi.
0:06 of 2nd period - Deflect By Brad Lambert.
0:06 of 2nd period - Shot Blocked by Yakov Trenin.
0:06 of 2nd period - Puck is out of play.
0:07 of 2nd period - Aleksi Heponiemi wins face-off versus Yakov Trenin in Abbotsford Heat zone.
0:10 of 2nd period - Slapshot by Brad Lambert.
0:10 of 2nd period - Stopped by Pheonix Copley with a rebound.
0:12 of 2nd period - Slapshot by Aleksi Heponiemi.
0:12 of 2nd period - Shot Misses the Net.
0:45 of 2nd period - Penalty to Keegan Kolesar is over, Keegan Kolesar is back on ice.
0:53 of 2nd period - Penalty to Dennis Gilbert is over, Dennis Gilbert is back on ice.
1:02 of 2nd period - Snap shot by Kevin Stenlund.
1:02 of 2nd period - Stopped by Pheonix Copley with a rebound.
1:40 of 2nd period - Wrist shot by Tristen Nielsen.
1:40 of 2nd period - Deflect By Lucas Edmonds.
1:40 of 2nd period - Stopped by Pheonix Copley with a rebound.
1:42 of 2nd period - Backhand shot by Tristen Nielsen.
1:42 of 2nd period - Shot Misses the Net.
1:44 of 2nd period - Slapshot by Robert Hamilton.
1:44 of 2nd period - Shot Blocked by Dennis Gilbert.
2:17 of 2nd period - Wrist shot by Garnet Hathaway.
2:17 of 2nd period - Shot Misses the Net.
2:41 of 2nd period - Slapshot by Jamie Drysdale.
2:41 of 2nd period - Deflect By Yakov Trenin.
2:41 of 2nd period - Stopped by Pheonix Copley with a rebound.
2:43 of 2nd period - Wrist shot by Lucas Edmonds.
2:43 of 2nd period - Stopped by Pheonix Copley with a rebound.
2:45 of 2nd period - Snap shot by Jamie Drysdale.
2:45 of 2nd period - Stopped by Pheonix Copley without a rebound.
2:46 of 2nd period - Kevin Stenlund wins face-off versus Alex Limoges in Abbotsford Heat zone.
2:53 of 2nd period - Snap shot by Keegan Kolesar.
2:53 of 2nd period - Shot Blocked by Benoit-Olivier Groulx.
2:55 of 2nd period - Snap shot by Vasily Podkolzin.
2:55 of 2nd period - Deflect By Keegan Kolesar.
2:55 of 2nd period - Shot Misses the Net.
2:55 of 2nd period - Puck is out of play.
2:56 of 2nd period - Alex Limoges wins face-off versus Kevin Stenlund in Abbotsford Heat zone.
2:56 of 2nd period - Alex Limoges is hit by Vasily Podkolzin.
3:14 of 2nd period - Wrist shot by Vasily Podkolzin.
3:14 of 2nd period - Shot Misses the Net.
3:16 of 2nd period - Wrist shot by Kevin Stenlund.
3:16 of 2nd period - Goal by Kevin Stenlund - Sarnia Sailors : 1 - Abbotsford Heat : 2.
3:17 of 2nd period - Benoit-Olivier Groulx wins face-off versus Kevin Stenlund in neutral zone.
4:27 of 2nd period - Snap shot by Jack Rathbone.
4:27 of 2nd period - Shot Misses the Net.
4:39 of 2nd period - Slapshot by Cole Sillinger.
4:39 of 2nd period - Stopped by Laurent Brossoit without a rebound.
4:40 of 2nd period - Kevin Stenlund wins face-off versus Cole Sillinger in Sarnia Sailors zone.
4:47 of 2nd period - Wrist shot by Oskar Lindblom.
4:47 of 2nd period - Deflect By Bobby Brink.
4:47 of 2nd period - Stopped by Laurent Brossoit with a rebound.
4:49 of 2nd period - Wrist shot by Oskar Lindblom.
4:49 of 2nd period - Goal by Oskar Lindblom - Sarnia Sailors : 1 - Abbotsford Heat : 3.
4:50 of 2nd period - Benoit-Olivier Groulx wins face-off versus Aleksi Heponiemi in neutral zone.
4:59 of 2nd period - Backhand shot by Aleksi Heponiemi.
4:59 of 2nd period - Stopped by Pheonix Copley without a rebound.
5:00 of 2nd period - Benoit-Olivier Groulx wins face-off versus Aleksi Heponiemi in Abbotsford Heat zone.
5:29 of 2nd period - Wrist shot by Jesse Puljujarvi.
5:29 of 2nd period - Shot Misses the Net.
5:31 of 2nd period - Wrist shot by Adam Erne.
5:31 of 2nd period - Goal by Adam Erne - Sarnia Sailors : 2 - Abbotsford Heat : 3.
5:32 of 2nd period - Kevin Stenlund wins face-off versus Yakov Trenin in neutral zone.
5:35 of 2nd period - Slapshot by Keegan Kolesar.
5:35 of 2nd period - Shot Misses the Net.
5:37 of 2nd period - Slapshot by Keegan Kolesar.
5:37 of 2nd period - Deflect By Vasily Podkolzin.
5:37 of 2nd period - Stopped by Pheonix Copley without a rebound.
5:38 of 2nd period - Kevin Stenlund wins face-off versus Yakov Trenin in Abbotsford Heat zone.
5:51 of 2nd period - Snap shot by Denis Malgin.
5:51 of 2nd period - Stopped by Laurent Brossoit with a rebound.
6:45 of 2nd period - Wrist shot by Dominic Toninato.
6:45 of 2nd period - Shot Blocked by Denis Malgin.
6:47 of 2nd period - Slapshot by Daniel Torgersson.
6:47 of 2nd period - Goal by Daniel Torgersson - Sarnia Sailors : 3 - Abbotsford Heat : 3.
6:48 of 2nd period - Kevin Stenlund wins face-off versus Yakov Trenin in neutral zone.
7:21 of 2nd period - Wrist shot by Tristen Nielsen.
7:21 of 2nd period - Stopped by Pheonix Copley with a rebound.
7:23 of 2nd period - Wrist shot by Lucas Edmonds.
7:23 of 2nd period - Shot Misses the Net.
7:25 of 2nd period - Slapshot by Robert Hamilton.
7:25 of 2nd period - Shot Blocked by Daniil Miromanov.
7:27 of 2nd period - Wrist shot by Tristen Nielsen.
7:27 of 2nd period - Stopped by Pheonix Copley with a rebound.
7:29 of 2nd period - Slapshot by Robert Hamilton.
7:29 of 2nd period - Stopped by Pheonix Copley with a rebound.
8:05 of 2nd period - Wrist shot by Dominic Toninato.
8:05 of 2nd period - Stopped by Pheonix Copley without a rebound.
8:06 of 2nd period - Dominic Toninato wins face-off versus Alex Limoges in Abbotsford Heat zone.
8:19 of 2nd period - Wrist shot by Dominic Toninato.
8:19 of 2nd period - Shot Misses the Net.
8:21 of 2nd period - Slapshot by Jack Rathbone.
8:21 of 2nd period - Stopped by Pheonix Copley with a rebound.
8:23 of 2nd period - Slapshot by Jack Rathbone.
8:23 of 2nd period - Shot Blocked by Wyatt Newpower.
8:43 of 2nd period - Slapshot by Jack Rathbone.
8:43 of 2nd period - Shot Blocked by Dennis Gilbert.
9:09 of 2nd period - Snap shot by Daniil Gushchin.
9:09 of 2nd period - Deflect By Alex Limoges.
9:09 of 2nd period - Stopped by Laurent Brossoit without a rebound.
9:10 of 2nd period - Kevin Stenlund wins face-off versus Yakov Trenin in Sarnia Sailors zone.
9:19 of 2nd period - Wrist shot by Vasily Podkolzin.
9:19 of 2nd period - Stopped by Pheonix Copley with a rebound.
9:37 of 2nd period - Aleksi Heponiemi is hit by Cole Sillinger and loses puck.
9:44 of 2nd period - Wrist shot by Cole Sillinger.
9:44 of 2nd period - Shot Blocked by Aleksi Heponiemi.
9:46 of 2nd period - Wrist shot by Bobby Brink.
9:46 of 2nd period - Stopped by Laurent Brossoit with a rebound.
9:58 of 2nd period - Wrist shot by Adam Erne.
9:58 of 2nd period - Shot Misses the Net.
10:05 of 2nd period - Minor Penalty to Benoit-Olivier Groulx for Hooking.
10:06 of 2nd period - Cole Sillinger wins face-off versus Vasily Podkolzin in Abbotsford Heat zone.
10:17 of 2nd period - Garnet Hathaway is hit by Keegan Kolesar and loses puck.
11:40 of 2nd period - Jamie Drysdale is hit by Denis Malgin and loses puck.
12:05 of 2nd period - Penalty to Benoit-Olivier Groulx is over, Benoit-Olivier Groulx is back on ice.
12:25 of 2nd period - Wrist shot by Dominic Toninato.
12:25 of 2nd period - Stopped by Pheonix Copley with a rebound.
13:16 of 2nd period - Icing by Denis Malgin.
13:17 of 2nd period - Yakov Trenin wins face-off versus Tristen Nielsen in Abbotsford Heat zone.
13:30 of 2nd period - Icing by Daniil Gushchin.
13:31 of 2nd period - Cole Sillinger wins face-off versus Dominic Toninato in Abbotsford Heat zone.
14:33 of 2nd period - Snap shot by Oskar Lindblom.
14:33 of 2nd period - Shot Misses the Net.
14:55 of 2nd period - Slapshot by Daniel Torgersson.
14:55 of 2nd period - Stopped by Pheonix Copley with a rebound.
15:29 of 2nd period - Wrist shot by Oskar Lindblom.
15:29 of 2nd period - Shot Misses the Net.
15:53 of 2nd period - Oskar Lindblom is hit by Brad Lambert.
16:03 of 2nd period - Slapshot by Dominic Toninato.
16:03 of 2nd period - Shot Blocked by Bobby Brink.
16:05 of 2nd period - Snap shot by Brad Lambert.
16:05 of 2nd period - Stopped by Pheonix Copley with a rebound.
16:09 of 2nd period - Snap shot by Dominic Toninato.
16:09 of 2nd period - Stopped by Pheonix Copley with a rebound.
16:11 of 2nd period - Slapshot by Jamie Drysdale.
16:11 of 2nd period - Stopped by Pheonix Copley with a rebound.
16:13 of 2nd period - Snap shot by Daniel Torgersson.
16:13 of 2nd period - Stopped by Pheonix Copley without a rebound.
16:14 of 2nd period - Yakov Trenin wins face-off versus Kevin Stenlund in Abbotsford Heat zone.
16:14 of 2nd period - Yakov Trenin is hit by Keegan Kolesar.
16:19 of 2nd period - Off-side.
16:20 of 2nd period - Garnet Hathaway wins face-off versus Kevin Stenlund in neutral zone.
16:27 of 2nd period - Wrist shot by Denis Malgin.
16:27 of 2nd period - Shot Misses the Net.
17:05 of 2nd period - Slapshot by Daniil Miromanov.
17:05 of 2nd period - Deflect By Denis Malgin.
17:05 of 2nd period - Stopped by Laurent Brossoit with a rebound.
17:07 of 2nd period - Slapshot by Daniil Miromanov.
17:07 of 2nd period - Stopped by Laurent Brossoit with a rebound.
17:31 of 2nd period - Snap shot by Adam Erne.
17:31 of 2nd period - Shot Blocked by Yakov Trenin.
17:42 of 2nd period - Garnet Hathaway is hit by Robert Hamilton.
18:02 of 2nd period - Tristen Nielsen is hit by Daniil Miromanov and loses puck.
18:09 of 2nd period - Daniil Miromanov is hit by Jack Rathbone and loses puck.
18:26 of 2nd period - Jack Rathbone is hit by Ryan Merkley and loses puck.
18:42 of 2nd period - Kevin Stenlund is hit by Mathias Laferriere and loses puck.
18:53 of 2nd period - Yakov Trenin is hit by Tristen Nielsen and loses puck.
19:10 of 2nd period - Minor Penalty to Jesse Puljujarvi for Holding.
19:11 of 2nd period - Yakov Trenin wins face-off versus Kevin Stenlund in Sarnia Sailors zone.
19:32 of 2nd period - Kevin Stenlund is hit by Denis Malgin and loses puck.
Goals for this period are 3 for Sarnia Sailors vs 1 for Abbotsford Heat.
Shots for this period are 23 for Sarnia Sailors vs 8 for Abbotsford Heat.
3rd period
0:01 of 3rd period - Cole Sillinger wins face-off versus Kevin Stenlund in neutral zone.
0:08 of 3rd period - Snap shot by Kevin Stenlund.
0:08 of 3rd period - Goal by Kevin Stenlund - Sarnia Sailors : 4 - Abbotsford Heat : 3.
0:09 of 3rd period - Yakov Trenin wins face-off versus Adam Erne in neutral zone.
0:59 of 3rd period - Snap shot by Oskar Lindblom.
0:59 of 3rd period - Shot Misses the Net.
1:10 of 3rd period - Penalty to Jesse Puljujarvi is over, Jesse Puljujarvi is back on ice.
1:11 of 3rd period - Slapshot by Daniil Miromanov.
1:11 of 3rd period - Deflect By Bobby Brink.
1:11 of 3rd period - Shot Misses the Net.
1:11 of 3rd period - Puck is out of play.
1:12 of 3rd period - Yakov Trenin wins face-off versus Tristen Nielsen in Sarnia Sailors zone.
1:56 of 3rd period - Snap shot by Kevin Stenlund.
1:56 of 3rd period - Stopped by Pheonix Copley without a rebound.
1:57 of 3rd period - Vasily Podkolzin wins face-off versus Benoit-Olivier Groulx in Abbotsford Heat zone.
2:10 of 3rd period - Wrist shot by Vasily Podkolzin.
2:10 of 3rd period - Deflect By Kevin Stenlund.
2:10 of 3rd period - Stopped by Pheonix Copley without a rebound.
2:11 of 3rd period - Aleksi Heponiemi wins face-off versus Cole Sillinger in Abbotsford Heat zone.
3:00 of 3rd period - Snap shot by Alex Limoges.
3:00 of 3rd period - Shot Misses the Net.
3:02 of 3rd period - Wrist shot by Daniil Gushchin.
3:02 of 3rd period - Stopped by Laurent Brossoit with a rebound.
3:04 of 3rd period - Slapshot by Benoit-Olivier Groulx.
3:04 of 3rd period - Stopped by Laurent Brossoit with a rebound.
3:22 of 3rd period - Snap shot by Oskar Lindblom.
3:22 of 3rd period - Shot Misses the Net.
3:34 of 3rd period - Vasily Podkolzin is hit by Dennis Gilbert and loses puck.
3:51 of 3rd period - Slapshot by Jamie Drysdale.
3:51 of 3rd period - Shot Misses the Net.
3:53 of 3rd period - Snap shot by Daniel Torgersson.
3:53 of 3rd period - Shot Misses the Net.
3:55 of 3rd period - Slapshot by Brad Lambert.
3:55 of 3rd period - Shot Misses the Net.
3:57 of 3rd period - Slapshot by Adam Ginning.
3:57 of 3rd period - Shot Blocked by Garnet Hathaway.
3:59 of 3rd period - Snap shot by Daniel Torgersson.
3:59 of 3rd period - Shot Misses the Net.
4:27 of 3rd period - Oskar Lindblom is hit by Cole Reinhardt and loses puck.
4:34 of 3rd period - Snap shot by Tristen Nielsen.
4:34 of 3rd period - Stopped by Pheonix Copley with a rebound.
4:36 of 3rd period - Slapshot by Robert Hamilton.
4:36 of 3rd period - Stopped by Pheonix Copley without a rebound.
4:37 of 3rd period - Kevin Stenlund wins face-off versus Alex Limoges in Abbotsford Heat zone.
4:44 of 3rd period - Wrist shot by Kevin Stenlund.
4:44 of 3rd period - Shot Hit the Post.
4:46 of 3rd period - Slapshot by Keegan Kolesar.
4:46 of 3rd period - Stopped by Pheonix Copley without a rebound.
4:47 of 3rd period - Kevin Stenlund wins face-off versus Alex Limoges in Abbotsford Heat zone.
4:48 of 3rd period - Wrist shot by Keegan Kolesar.
4:48 of 3rd period - Stopped by Pheonix Copley without a rebound.
4:49 of 3rd period - Kevin Stenlund wins face-off versus Yakov Trenin in Abbotsford Heat zone.
4:50 of 3rd period - Wrist shot by Keegan Kolesar.
4:50 of 3rd period - Stopped by Pheonix Copley with a rebound.
4:52 of 3rd period - Slapshot by Keegan Kolesar.
4:52 of 3rd period - Stopped by Pheonix Copley with a rebound.
4:54 of 3rd period - Backhand shot by Kevin Stenlund.
4:54 of 3rd period - Shot Misses the Net.
5:03 of 3rd period - Minor Penalty to Vincent Desharnais for Holding.
5:04 of 3rd period - Vasily Podkolzin wins face-off versus Cole Sillinger in Abbotsford Heat zone.
5:04 of 3rd period - Snap shot by Keegan Kolesar.
5:04 of 3rd period - Stopped by Pheonix Copley with a rebound.
5:06 of 3rd period - Slapshot by Jack Rathbone.
5:06 of 3rd period - Deflect By Keegan Kolesar.
5:06 of 3rd period - Shot Misses the Net.
5:06 of 3rd period - Puck is out of play.
5:07 of 3rd period - Denis Malgin wins face-off versus Tristen Nielsen in Abbotsford Heat zone.
5:19 of 3rd period - Icing by Tristen Nielsen.
5:20 of 3rd period - Cole Sillinger wins face-off versus Tristen Nielsen in Sarnia Sailors zone.
5:29 of 3rd period - Snap shot by Keegan Kolesar.
5:29 of 3rd period - Goal by Keegan Kolesar - Sarnia Sailors : 5 - Abbotsford Heat : 3.
5:30 of 3rd period - Kevin Stenlund wins face-off versus Yakov Trenin in neutral zone.
5:41 of 3rd period - Wrist shot by Keegan Kolesar.
5:41 of 3rd period - Goal by Keegan Kolesar - Sarnia Sailors : 6 - Abbotsford Heat : 3.
5:42 of 3rd period - Kevin Stenlund wins face-off versus Yakov Trenin in neutral zone.
5:47 of 3rd period - Vincent Desharnais is hit by Vasily Podkolzin.
5:53 of 3rd period - Snap shot by Yakov Trenin.
5:53 of 3rd period - Shot Misses the Net.
5:55 of 3rd period - Snap shot by Yakov Trenin.
5:55 of 3rd period - Stopped by Laurent Brossoit with a rebound.
5:57 of 3rd period - Slapshot by Daniil Miromanov.
5:57 of 3rd period - Shot Blocked by Vasily Podkolzin.
6:03 of 3rd period - Minor Penalty to Keegan Kolesar for Hooking.
6:04 of 3rd period - Kevin Stenlund wins face-off versus Yakov Trenin in Sarnia Sailors zone.
6:15 of 3rd period - Snap shot by Garnet Hathaway.
6:15 of 3rd period - Shot Misses the Net.
6:17 of 3rd period - Wrist shot by Yakov Trenin.
6:17 of 3rd period - Stopped by Laurent Brossoit without a rebound.
6:18 of 3rd period - Cole Sillinger wins face-off versus Kevin Stenlund in Sarnia Sailors zone.
6:19 of 3rd period - Snap shot by Oskar Lindblom.
6:19 of 3rd period - Stopped by Laurent Brossoit with a rebound.
6:25 of 3rd period - Dennis Gilbert is hit by Adam Erne and loses puck.
8:03 of 3rd period - Penalty to Keegan Kolesar is over, Keegan Kolesar is back on ice.
9:43 of 3rd period - Oskar Lindblom is hit by Dominic Toninato and loses puck.
9:54 of 3rd period - Cole Sillinger is hit by Declan Chisholm and loses puck.
10:07 of 3rd period - Wrist shot by Cole Sillinger.
10:07 of 3rd period - Stopped by Laurent Brossoit with a rebound.
10:09 of 3rd period - Snap shot by Daniil Miromanov.
10:09 of 3rd period - Shot Blocked by Jamie Drysdale.
10:26 of 3rd period - Wrist shot by Bobby Brink.
10:26 of 3rd period - Shot Blocked by Jesse Puljujarvi.
10:28 of 3rd period - Wrist shot by Bobby Brink.
10:28 of 3rd period - Stopped by Laurent Brossoit with a rebound.
10:30 of 3rd period - Snap shot by Vincent Desharnais.
10:30 of 3rd period - Shot Misses the Net.
10:32 of 3rd period - Slapshot by Vincent Desharnais.
10:32 of 3rd period - Stopped by Laurent Brossoit with a rebound.
10:52 of 3rd period - Adam Erne is hit by Vincent Desharnais and loses puck.
10:57 of 3rd period - Wrist shot by Oskar Lindblom.
10:57 of 3rd period - Shot Misses the Net.
10:59 of 3rd period - Slapshot by Daniil Miromanov.
10:59 of 3rd period - Shot Misses the Net.
11:01 of 3rd period - Slapshot by Vincent Desharnais.
11:01 of 3rd period - Shot Misses the Net.
11:03 of 3rd period - Snap shot by Bobby Brink.
11:03 of 3rd period - Deflect By Adam Erne.
11:03 of 3rd period - Shot Blocked by Declan Chisholm.
11:03 of 3rd period - Puck is out of play.
11:04 of 3rd period - Alex Limoges wins face-off versus Kevin Stenlund in Sarnia Sailors zone.
11:12 of 3rd period - Adam Ginning beats up Dennis Gilbert.
11:12 of 3rd period - Penalty to Dennis Gilbert for Fighting.
11:12 of 3rd period - Penalty to Adam Ginning for Fighting.
11:12 of 3rd period - Penalty to Dennis Gilbert for instigated a fight.
11:12 of 3rd period - Penalty to Dennis Gilbert for instigated and being the aggresor in a fight.
11:12 of 3rd period - Dennis Gilbert is ejected from game.
11:13 of 3rd period - Tristen Nielsen wins face-off versus Yakov Trenin in Sarnia Sailors zone.
11:59 of 3rd period - Wrist shot by Aleksi Heponiemi.
11:59 of 3rd period - Shot Misses the Net.
12:01 of 3rd period - Backhand shot by Cole Reinhardt.
12:01 of 3rd period - Deflect By Jesse Puljujarvi.
12:01 of 3rd period - Shot Misses the Net.
12:01 of 3rd period - Puck is out of play.
12:02 of 3rd period - Aleksi Heponiemi wins face-off versus Yakov Trenin in Abbotsford Heat zone.
12:51 of 3rd period - Cole Sillinger is hit by Brad Lambert and loses puck.
13:12 of 3rd period - Penalty to Dennis Gilbert is over, Alex Limoges is send on ice.
14:25 of 3rd period - Adam Erne is hit by Daniil Gushchin and loses puck.
15:27 of 3rd period - Minor Penalty to Jesse Puljujarvi for Hooking.
15:28 of 3rd period - Kevin Stenlund wins face-off versus Cole Sillinger in Sarnia Sailors zone.
15:41 of 3rd period - Wrist shot by Cole Sillinger.
15:41 of 3rd period - Goal by Cole Sillinger - Sarnia Sailors : 6 - Abbotsford Heat : 4.
15:42 of 3rd period - Benoit-Olivier Groulx wins face-off versus Tristen Nielsen in neutral zone.
15:42 of 3rd period - Gabriel Fortier is hit by Tristen Nielsen.
15:51 of 3rd period - Minor Penalty to Tristen Nielsen for Interference.
15:52 of 3rd period - Yakov Trenin wins face-off versus Kevin Stenlund in Sarnia Sailors zone.
15:52 of 3rd period - Snap shot by Denis Malgin.
15:52 of 3rd period - Shot Misses the Net.
15:54 of 3rd period - Wrist shot by Garnet Hathaway.
15:54 of 3rd period - Shot Misses the Net.
15:56 of 3rd period - Wrist shot by Denis Malgin.
15:56 of 3rd period - Deflect By Jack Rathbone.
15:56 of 3rd period - Shot Blocked by Kevin Stenlund.
15:56 of 3rd period - Puck is out of play.
15:57 of 3rd period - Yakov Trenin wins face-off versus Kevin Stenlund in Sarnia Sailors zone.
15:58 of 3rd period - Snap shot by Denis Malgin.
15:58 of 3rd period - Goal by Denis Malgin - Sarnia Sailors : 6 - Abbotsford Heat : 5.
15:59 of 3rd period - Benoit-Olivier Groulx wins face-off versus Tristen Nielsen in neutral zone.
16:06 of 3rd period - Wrist shot by Benoit-Olivier Groulx.
16:06 of 3rd period - Shot Misses the Net.
16:08 of 3rd period - Snap shot by Yakov Trenin.
16:08 of 3rd period - Stopped by Laurent Brossoit with a rebound.
16:10 of 3rd period - Snap shot by Gabriel Fortier.
16:10 of 3rd period - Shot Blocked by Declan Chisholm.
16:12 of 3rd period - Slapshot by Daniil Miromanov.
16:12 of 3rd period - Goal by Daniil Miromanov - Sarnia Sailors : 6 - Abbotsford Heat : 6.
16:13 of 3rd period - Benoit-Olivier Groulx wins face-off versus Tristen Nielsen in neutral zone.
16:16 of 3rd period - Slapshot by Vincent Desharnais.
16:16 of 3rd period - Shot Blocked by Jack Rathbone.
16:36 of 3rd period - Vincent Desharnais is hit by Tristen Nielsen and loses puck.
16:45 of 3rd period - Snap shot by Tristen Nielsen.
16:45 of 3rd period - Stopped by Pheonix Copley with a rebound.
16:47 of 3rd period - Slapshot by Declan Chisholm.
16:47 of 3rd period - Shot Blocked by Daniil Miromanov.
16:49 of 3rd period - Slapshot by Tristen Nielsen.
16:49 of 3rd period - Stopped by Pheonix Copley with a rebound.
16:51 of 3rd period - Snap shot by Tristen Nielsen.
16:51 of 3rd period - Shot Misses the Net.
17:36 of 3rd period - Backhand shot by Jack Rathbone.
17:36 of 3rd period - Shot Misses the Net.
17:44 of 3rd period - Wrist shot by Cole Reinhardt.
17:44 of 3rd period - Deflect By Tristen Nielsen.
17:44 of 3rd period - Stopped by Pheonix Copley without a rebound.
17:45 of 3rd period - Kevin Stenlund wins face-off versus Cole Sillinger in Abbotsford Heat zone.
18:30 of 3rd period - Adam Erne is hit by Mathias Laferriere.
19:10 of 3rd period - Alex Limoges is hit by Dominic Toninato and loses puck.
Goals for this period are 3 for Sarnia Sailors vs 3 for Abbotsford Heat.
Shots for this period are 15 for Sarnia Sailors vs 12 for Abbotsford Heat.
Overtime #1
0:01 of 1st overtime period - Aleksi Heponiemi wins face-off versus Yakov Trenin in neutral zone.
0:18 of 1st overtime period - Declan Chisholm is hit by Yakov Trenin.
0:38 of 1st overtime period - Snap shot by Cole Sillinger.
0:38 of 1st overtime period - Deflect By Declan Chisholm.
0:38 of 1st overtime period - Shot Misses the Net.
0:38 of 1st overtime period - Puck is out of play.
0:39 of 1st overtime period - Cole Sillinger wins face-off versus Tristen Nielsen in Sarnia Sailors zone.
1:04 of 1st overtime period - Daniil Miromanov is hit by Robert Hamilton and loses puck.
1:56 of 1st overtime period - Icing by Ryan Merkley.
1:57 of 1st overtime period - Aleksi Heponiemi wins face-off versus Cole Sillinger in Abbotsford Heat zone.
3:06 of 1st overtime period - Yakov Trenin is hit by Brad Lambert and loses puck.
3:23 of 1st overtime period - Jack Rathbone is hit by Daniil Miromanov.
4:20 of 1st overtime period - Wrist shot by Vasily Podkolzin.
4:20 of 1st overtime period - Stopped by Pheonix Copley with a rebound.
4:42 of 1st overtime period - Lane Pederson is hit by Adam Ginning and loses puck.
Goals for this period are 0 for Sarnia Sailors vs 0 for Abbotsford Heat.
Shots for this period are 1 for Sarnia Sailors vs 0 for Abbotsford Heat.
ShootOut
5:00 of 1st overtime period - Round #1.
5:00 of 1st overtime period - Sarnia Sailors, Tristen Nielsen.
5:00 of 1st overtime period - Wrist shot by Tristen Nielsen.
5:00 of 1st overtime period - Goal by Tristen Nielsen.
5:00 of 1st overtime period - Abbotsford Heat, Yakov Trenin.
5:00 of 1st overtime period - Wrist shot by Yakov Trenin.
5:00 of 1st overtime period - Shot Misses the Net.
5:00 of 1st overtime period - Round #2.
5:00 of 1st overtime period - Sarnia Sailors, Vasily Podkolzin.
5:00 of 1st overtime period - Backhand shot by Vasily Podkolzin.
5:00 of 1st overtime period - Shot Misses the Net.
5:00 of 1st overtime period - Abbotsford Heat, Garnet Hathaway.
5:00 of 1st overtime period - Wrist shot by Garnet Hathaway.
5:00 of 1st overtime period - Stopped by Laurent Brossoit.
5:00 of 1st overtime period - Round #3.
5:00 of 1st overtime period - Sarnia Sailors, Keegan Kolesar.
5:00 of 1st overtime period - Snap shot by Keegan Kolesar.
5:00 of 1st overtime period - Stopped by Pheonix Copley.
5:00 of 1st overtime period - Abbotsford Heat, Cole Sillinger.
5:00 of 1st overtime period - Backhand shot by Cole Sillinger.
5:00 of 1st overtime period - Shot Misses the Net.
Back to the Top